 Dungeon Crawl Stone Soup version 0.19-a0-1511-g16f215b (webtiles) character file.

53 jacquesderrida the Ruffian (level 3, 0/19 HPs)
             Began as a Vine Stalker Wanderer on Sept 11, 2016.
             Was an Initiate of Cheibriados.
             Slain by a water moccasin skeleton (2 damage)
             ... on level 5 of the Dungeon.
             The game lasted 00:04:02 (743 turns).

jacquesderrida the Ruffian (Vine Stalker Wanderer)   Turns: 743, Time: 00:04:03

Health: 0/19       AC:  6    Str: 18    XL:     3   Next: 89%
Magic:  0/4        EV:  8    Int: 12    God:    Cheibriados [......]
Gold:   46         SH:  4    Dex: 13    Spells: 0 memorised, 2 levels left

rFire  + . .     SeeInvis .       - Unarmed
rCold  + . .     Gourm    .     l - +0 chain mail
rNeg   . . .     Faith    .     (no shield)
rPois  +         Spirit   +     (no helmet)
rElec  +         Dismiss  .     (no cloak)
rCorr  +         Reflect  .     (no gloves)
MR     .....     Harm     .     (no boots)
Stlth  ..........               (no amulet)
                                (no ring)
                                (no ring)

@: resistant, very slow
A: fangs 2, icy blue scales 1, large bone plates 1, deformed body, magic shield,
antimagic bite, no device heal 3, rot immunity
a: Bend Time, Renounce Religion


You were on level 5 of the Dungeon.
You worshipped Cheibriados.
Cheibriados was noncommittal.
You were not hungry.

You visited 2 branches of the dungeon, and saw 6 of its levels.

You collected 46 gold pieces.

Inventory:

Hand Weapons
 b - a +2 blowgun
Missiles
 a - a curare-tipped needle
 m - 14 poisoned needles
Armour
 e - a +0 robe
 l - a +0 chain mail (worn)
Wands
 r - a wand of digging (11/24)
Scrolls
 d - a scroll of teleportation
 g - a scroll of remove curse
 h - a scroll of identify {unknown}
 n - a scroll of fog {unknown}
 p - a scroll of enchant armour {unknown}
Potions
 c - 3 potions of curing
 i - 2 potions of resistance
Comestibles
 f - 2 bread rations
 o - a meat ration


   Skills:
 - Level 2.6 Fighting
 - Level 1.0 Throwing
 - Level 3.2 Dodging
 - Level 1.2 Stealth
 + Level 3.6 Unarmed Combat


You had 2 spell levels left.
You didn't know any spells.

Dungeon Overview and Level Annotations

Branches:
Dungeon (5/15)             Temple (1/1) D:4

Altars:
Ashenzari
Cheibriados
Elyvilon
Gozag
Kikubaaqudgha
Makhleb
Nemelex Xobeh
Qazlal
Sif Muna
Trog
Yredelemnul
The Shining One


Innate Abilities, Weirdness & Mutations

You have extremely sharp teeth.
When hurt, damage is shared between your health and your magic reserves.
Your bite disrupts and absorbs the magic of your enemies.
Potions and wands cannot restore your health.
You are immune to rotting.
You are partially covered in icy blue scales. (AC +2)
You are partially covered in large bone plates. (SH +4)
Armour fits poorly on your strangely shaped body.


Message History

Okay, then.
Okay, then.
You hit the water moccasin skeleton.
Your bite misses the water moccasin skeleton.
The water moccasin skeleton is lightly damaged.
The water moccasin skeleton bites you.
* * * LOW HITPOINT WARNING * * *
You punch the water moccasin skeleton!
Your bite misses the water moccasin skeleton.
The water moccasin skeleton is moderately damaged.
The water moccasin skeleton bites you.
* * * LOW HITPOINT WARNING * * *
You hit the water moccasin skeleton.
The water moccasin skeleton is moderately damaged.
The water moccasin skeleton completely misses you.
The water moccasin skeleton misses you.
Your chain mail prevents you from hitting the water moccasin skeleton.
The water moccasin skeleton is moderately damaged.
The water moccasin skeleton bites you.
You die...

#.## ####..#
####.....###
###[.........##
#.............###
##...............##
##.................#
.................#.
#...<.@Z.......#
#...............#
##..............#
#...............
#..............#
###..........###
####.....### #######


You could see a water moccasin skeleton.

Vanquished Creatures
  A worker ant (D:4)
  An ooze (D:2)
  A worm (D:3)
  3 giant geckos (D:3)
  3 orcs (D:3)
  A giant cockroach (D:2)
  A hobgoblin (D:3)
  2 kobolds
  A quokka (D:2)
  2 bats (D:3)
  2 giant newts
  2 rats (D:3)
20 creatures vanquished.

Notes
Turn   | Place    | Note
-------+----------+-------------------------------------------
     0 | D:1      | jacquesderrida the Vine Stalker Wanderer began the quest for the Orb.
     0 | D:1      | jacquesderrida set off with: a curare-tipped needle, a +2 blowgun, a potion of curing, a scroll of teleportation, a +0 robe, a bread ration
     0 | D:1      | Reached XP level 1. HP: 11/11 MP: 2/2
    88 | D:2      | Reached XP level 2. HP: 6/16 MP: 3/3
   387 | D:3      | Reached XP level 3. HP: 18/19 MP: 4/4
   497 | D:3      | Found a sparkling altar of Nemelex Xobeh.
   571 | D:4      | Noticed a phantom
   572 | D:4      | Found a staircase to the Ecumenical Temple.
   632 | Temple   | Entered the Ecumenical Temple
   654 | Temple   | Became a worshipper of Cheibriados the Contemplative
   700 | D:4      | Gained mutation: You are partially covered in icy blue scales. (AC +2) [potion of mutation]
   700 | D:4      | Gained mutation: Armour fits poorly on your strangely shaped body. [potion of mutation]
   700 | D:4      | Gained mutation: You are partially covered in large bone plates. (SH +4) [potion of mutation]
   730 | D:5      | Entered Level 5 of the Dungeon
   743 | D:5      | Slain by a water moccasin skeleton

Vault maps used:
D:1:      zaba_arrival_water
D:3:      nicolae_dithmenos_shadow_blocks, lemuel_doored_altar,
          lexackson_kobold_supper
D:4:      zin_scriptorium, first_bread, elyvilon_altar_5, uniq_robin
D:5:      basic_altar
Temple:   cyrus_circular_temple

Skill      XL: |  1  2  3 |
---------------+----------+-----
Unarmed Combat | 2 3 |  3.6
Fighting       | |  2.6
Throwing       | |  1.0
Dodging        | |  3.2
Stealth        | |  1.2

Action                   || total
-------------------------++-------
Melee: Unarmed           ||    91
       Bite              ||    18
 Fire: Blowgun           ||    16
  Use: Scroll            ||     3
       Potion            ||     3
 Stab: Sleeping          ||     3
Armor: Robe              ||     8
       Chain mail        ||    43
Dodge: Dodged            ||    53
